 Dungeon Crawl Stone Soup version 0.29.1-12-g30fa7ad0bf (webtiles) character file.

Game seed: 15790455486078523763

706 112233 the Nimble (level 7, -2/35 HPs)
             Began as a Felid Fighter on Dec 23, 2022.
             Was an Initiate of Vehumet.
             Slain by a gnoll
             ... wielding a +0 spear
             ... led by a gnoll bouda
              (7 damage)
             ... on level 5 of the Dungeon.
             The game lasted 00:04:11 (6096 turns).

112233 the Nimble (Felid Fighter)                   Turns: 6096, Time: 00:04:11

Health: -2/35      AC:  8    Str: 12    XL:     7   Next: 39%
Magic:  8/8        EV: 24    Int: 12    God:    Vehumet [......]
Gold:   187        SH:  0    Dex: 15    Spells: 6/6 levels left
                                        Lives:  0   Deaths: 2

rFire   + + .      SeeInvis +     - Unarmed
rCold   + + .      Faith    .   (shield unavailable)
rNeg    + + +      Spirit   .   (body armour unavailable)
rPois   ∞          Reflect  .   (helmet unavailable)
rElec   +          Harm     .   (cloak unavailable)
rCorr   +          Rampage  .   (gloves unavailable)
Will    +....                   (boots unavailable)
Stlth   +.........              (amulet currently unavailable)
HPRegen 0.11/turn               (ring currently unavailable)
MPRegen 0.11/turn               (ring currently unavailable)

@: wisp-form, weakened, flying
A: insubstantial, flying, no casting, tiny, (claws 1), (fangs 3), see invisible,
(speed 1), (shaggy fur 2), (stealthy paws), no weapons or thrown items, no
armour, multi-lived
a: Renounce Religion


You were on level 5 of the Dungeon.
You worshipped Vehumet.
Vehumet was noncommittal.
You were an insubstantial wisp.
You visited 1 branch of the dungeon, and saw 5 of its levels.

You collected 247 gold pieces.
You spent 60 gold pieces at shops.

Inventory:

Jewellery
 d - a +4 ring of evasion (melded)
 r - a ring of fire
 s - a ring of positive energy (melded)
 u - an amulet of regeneration
Wands
 w - a wand of iceblast (2)
Scrolls
 a - a scroll of summoning {unknown}
 c - a scroll of teleportation
 f - a scroll of blinking {unknown}
 g - a scroll of butterflies
 i - 3 scrolls of poison
 j - a scroll of torment
 k - 3 scrolls of amnesia {unknown}
 l - 6 scrolls of identify
 m - a scroll of magic mapping {unknown}
 n - a scroll of enchant armour {unknown}
 p - a scroll of enchant weapon {unknown}
Potions
 b - 2 potions of curing
 e - a potion of cancellation
 h - 4 potions of attraction {unknown}
 o - a potion of haste {unknown}
 q - a potion of mutation {unknown}
 t - a potion of heal wounds
 v - a potion of flight {unknown}
 x - a potion of brilliance {unknown}


   Skills:
 + Level 6.5 Fighting
 + Level 8.5 Dodging
 + Level 7.0 Unarmed Combat


You had 6 spell levels left.
You didn't know any spells.
Your spell library was empty.

Dungeon Overview and Level Annotations

Branches:
Dungeon (5/15)             Temple (0/1) D:5

Altars:
Vehumet
Yredelemnul

Shops:
D:4 ![(((


Innate Abilities, Weirdness & Mutations

You are an insubstantial wisp.
Your tiny insubstantial body is highly resistant to most damage types.
You are flying.
You cannot cast spells.
((You have sharp claws.))
((You have razor-sharp teeth.))
You have supernaturally acute eyesight. (SInv)
((You cover ground quickly. (Speed+)))
((You are covered in thick fur. (AC +2)))
((Your paws help you pounce on unaware monsters.))
You are incapable of wielding weapons or throwing items.
You cannot wear armour.
You gain extra lives every three experience levels.


Message History

The gnoll bouda gazes fiercely through you!
You feel as though you will be weak longer.
The gnoll bouda hits you with a +0 whip.
The gnoll hits you with a +0 whip.
The gnoll zaps a wand.
You turn into an insubstantial wisp.
Your +4 ring of evasion melds into your body.
Your ring of positive energy melds into your body.
Unknown command.
You touch the gnoll bouda.
The gnoll bouda is lightly wounded.
The gnoll hits you but does no damage. The gnoll bouda completely misses you.
The gnoll misses you.
You touch the gnoll bouda but do no damage.
The gnoll bouda is lightly wounded.
The gnoll hits you from afar with a +0 spear.
The gnoll closely misses you.
The gnoll bouda hits you but does no damage.
The gnoll completely misses you.
Unknown command.
You touch the gnoll bouda.
The gnoll bouda is moderately wounded.
The gnoll barely misses you.
The gnoll hits you from afar with a +0 spear!
* * * LOW HITPOINT WARNING * * *
The gnoll bouda misses you.
An ogre comes into view. It is wielding a +0 giant spiked club.
The ogre shouts!
You touch the gnoll bouda.
The gnoll bouda is moderately wounded.
The gnoll completely misses you. x2; The gnoll misses you.
You touch the gnoll bouda.
The gnoll bouda is moderately wounded.
The gnoll bouda closely misses you. The gnoll misses you.
The gnoll completely misses you. The gnoll misses you.
Unknown command.
You touch the gnoll bouda but do no damage.
The gnoll bouda is moderately wounded.
The gnoll bouda barely misses you. The gnoll misses you.
The gnoll hits you from afar with a +0 spear!
You die...

#.#.....$.##.5.....<.#
#...#.#.#.)..........#
##.........##.........#
.....#.#.#.############
####........###########
.###..$.###.O...#.....##
..#####.##..........÷..##
.>.####.#.....g..g......#
........#.......vg.<....#
..####..................#
.....##...[......g.........
..##..#..................##
..# #...#..................
..###..##............#.#.#.
...........................
##.....###.####....#.#.#.#.
.....#.# #.. ...(


You could see an ogre, a gnoll bouda and 3 gnolls.

Vanquished Creatures
  Pikel (D:4)
  Prince Ribbit (D:5)
  An ogre (D:5)
  2 scorpions
  A howler monkey (D:5)
  2 hounds
  An orc priest (D:3)
  Jessica (D:3)
  2 orc wizards
  3 adders
  A gnoll (D:1)
  5 white imps
  4 ufetubi (D:4)
  7 worms
  3 dart slugs
  5 orcs
  7 ball pythons
  7 bats
  8 endoplasms
  4 giant cockroaches
  5 goblins
  7 hobgoblins
  11 jackals (D:1)
  3 kobolds
  5 quokkas
  6 frilled lizards
  7 rats
110 creatures vanquished.

Notes
Turn   | Place    | Note
-------+----------+-------------------------------------------
     0 | D:1      | 112233 the Felid Fighter began the quest for the Orb.
     0 | D:1      | Reached XP level 1. HP: 10/10 MP: 2/2
    68 | D:1      | Reached XP level 2. HP: 12/14 MP: 3/3
   451 | D:1      | Reached XP level 3. HP: 17/17 MP: 4/4
  1629 | D:3      | Noticed Jessica
  2067 | D:2      | Reached XP level 4. HP: 22/22 MP: 5/5
  2154 | D:2      | Reached skill level 5 in Dodging
  2313 | D:2      | Found a faded altar of an unknown god.
  3302 | D:3      | Found a radiant altar of Vehumet.
  3313 | D:3      | Slain by Jessica
  3314 | D:3      | Reached XP level 3. HP: -1/18 MP: 4/4
  3356 | D:3      | Killed Jessica
  3357 | D:3      | Reached XP level 4. HP: 22/22 MP: 5/5
  3365 | D:3      | Reached skill level 5 in Unarmed Combat
  3559 | D:3      | Reached XP level 5. HP: 17/25 MP: 6/6
  3569 | D:3      | Became a worshipper of Vehumet
  3771 | D:4      | Found Vazi's Weapon Emporium.
  3994 | D:4      | Reached skill level 6 in Dodging
  4450 | D:4      | Found Ydevipag's Antique Armour Shoppe.
  4563 | D:4      | Noticed a lemure
  4564 | D:4      | Noticed Pikel
  4564 | D:4      | Noticed a lemure
  4564 | D:4      | Noticed a lemure
  4564 | D:4      | Noticed a lemure
  4584 | D:4      | Killed Pikel
  4585 | D:4      | Reached skill level 5 in Fighting
  4585 | D:4      | Reached skill level 7 in Dodging
  4585 | D:4      | Gained mutation: You are covered in thick fur. (AC +2)
                  | [Felid growth]
  4585 | D:4      | Reached XP level 6. HP: 8/31 MP: 7/7
  4585 | D:4      | Reached XP level 7. HP: 9/34 MP: 8/8
  5126 | D:4      | Found Vudairgha's Distillery.
  5134 | D:4      | Bought a potion of heal wounds for 60 gold pieces
  5416 | D:4      | Found a basalt altar of Yredelemnul.
  5472 | D:4      | Found Miwk's Antique Weapon Emporium.
  5556 | D:4      | Found Ufiachosch's Weapon Shop.
  5589 | D:5      | Entered Level 5 of the Dungeon
  5665 | D:5      | Reached skill level 8 in Dodging
  5908 | D:5      | Reached XP level 8. HP: 33/38 MP: 9/9
  5985 | D:5      | Found a staircase to the Ecumenical Temple.
  5989 | D:5      | Noticed Prince Ribbit
  6004 | D:5      | Slain by Prince Ribbit
  6005 | D:5      | Reached XP level 7. HP: -2/34 MP: 8/8
  6026 | D:5      | Killed Prince Ribbit
  6096 | D:5      | Slain by a gnoll

Illustrated notes

Levels and vault maps discovered:
D:1:      evilmike_arrival_rings, layout_loops_ring, reono_crystal_passage
D:2:      layout_loops_ring, chequers_ecumenical_altar_island
D:3:      layout_basic, mainiacjoe_overflow_concentric_impassable, uniq_jessica
D:4:      dreamdust_elfheim, layout_gridville,
          mainiacjoe_overflow_surrounded_room, serial_demonic, serial_demonic_e,
          serial_demonic_c, serial_demonic_c, serial_demonic_g, serial_shops,
          shop, shop, shop, nicolae_square_shop, nicolae_shop_trees, uniq_pikel
D:5:      layout_rooms, gammafunk_temple_overflow_claw,
          minmay_temple_entry_crystal_x, serial_glass, glass_columns_a,
          glass_columns_b, glass_columns_a, glass_columns_b, glass_columns_b,
          glass_columns_c, glass_columns_c, glass_columns_b, uniq_prince_ribbit1

Skill      XL: |  1  2  3  4  5  6  7 |
---------------+----------------------+-----
Dodging        | 5 7 8 |  8.5
Fighting       | 4 5 6 |  6.5
Unarmed Combat | 5 6 7 |  7.0

Action                   |  1- 3 |  4- 6 |  7- 9 || total
-------------------------+-------+-------+-------++-------
Melee: Unarmed           |   106 |   151 |   125 ||   382
       Bite              |    13 |     9 |    22 ||    44
       Punch             |     2 |     4 |     4 ||    10
  Use: Scroll            |     3 |     3 |       ||     6
       Potion            |     1 |     3 |     1 ||     5
 Stab: Distracted        |     1 |       |       ||     1
       Sleeping          |       |     3 |     1 ||     4
Armor: Skin              |     3 |     3 |     6 ||    12
Dodge: Dodged            |    83 |   129 |   135 ||   347
